 Dungeon Crawl Stone Soup version 0.28-a0-724-g66f9036eb4 (webtiles) character file.

Game seed: 12294115589960474285

375 ABBCCCDDDD the Chopper (level 6, -1/56 HPs)
             Began as a Minotaur Gladiator on Oct 26, 2021.
             Killed from afar by Ijyb (29 damage)
             ... with a bolt of acid
             ... on level 4 of the Dungeon.
             The game lasted 00:03:49 (3496 turns).

ABBCCCDDDD the Chopper (Minotaur Gladiator)         Turns: 3496, Time: 00:03:50

Health: -1/56      AC:  6    Str: 21    XL:     6   Next: 44%
Magic:  5/5        EV: 10    Int:  5    God:
Gold:   159        SH:  0    Dex: 11    Spells: 5/5 levels left

rFire   . . .      SeeInvis .   a - +0 war axe
rCold   + . .      Faith    .   (no shield)
rNeg    + . .      Spirit   .   g - +0 scale mail
rPois   .          Reflect  .   c - +0 hat
rElec   .          Harm     .   (no cloak)
rCorr   .          Rampage  .   (no gloves)
Will    .....                   (no boots)
Stlth   ..........              h - amulet of magic regeneration
HPRegen 0.18/turn               k - ring of protection from cold
MPRegen 0.34/turn               n - ring of positive energy

@: no status effects
A: horns 2, retaliatory headbutt
a: no special abilities


You were on level 4 of the Dungeon.
You visited 1 branch of the dungeon, and saw 4 of its levels.

You collected 159 gold pieces.

Inventory:

Hand Weapons
 a - a +0 war axe (weapon)
Missiles
 d - 3 throwing nets (quivered)
Armour
 c - a +0 hat (worn)
 g - a +0 scale mail (worn)
Jewellery
 h - an amulet of magic regeneration (around neck)
 k - a ring of protection from cold (left hand)
 n - a ring of positive energy (right hand)
Wands
 s - a wand of iceblast (5)
Scrolls
 e - a scroll of silence {unknown}
 f - a scroll of teleportation {unknown}
 i - 2 scrolls of identify {unknown}
 o - a scroll of brand weapon {unknown}
 q - a scroll of acquirement {unknown}
Potions
 b - a potion of brilliance {unknown}
 j - a potion of attraction {unknown}
 l - a potion of might {unknown}
 m - a potion of haste {unknown}
 p - a potion of curing {unknown}
 r - a potion of degeneration {unknown}


   Skills:
 + Level 5.1 Fighting
 * Level 7.5 Axes
 - Level 2.0 Throwing
 - Level 3.2 Dodging


You had 5 spell levels left.
You didn't know any spells.
Your spell library was empty.

Dungeon Overview and Level Annotations

Branches:
Dungeon (4/15)
 Temple: D:4-7

Altars:

Shops:
D:2 *

Annotations:
D:4 Blork the orc, Ijyb


Innate Abilities, Weirdness & Mutations

You have a pair of horns on your head.
You reflexively headbutt those who attack you in melee.


Message History

The centaur kicks you but does no damage.
The centaur closely misses you. You furiously retaliate!
You headbutt the centaur. The centaur barely misses you.
You hit the centaur. Your headbutt misses the centaur.
The centaur is almost dead.
The centaur hits you but does no damage.
The centaur barely misses you.
You hit the centaur.
You kill the centaur!
Your Fighting skill increases to level 5!
No target in view!
You start resting.
HP restored.
Things that are here:
a +0 shortbow; 20 arrows; a centaur corpse You see here a jackal skeleton.
Things that are here:
a +0 club; a +0 spear; a gnoll skeleton
Things that are here:
a +0 spear; a gnoll skeleton You open the door.
There is an open door here.
You open the door.
There is an open door here.
You open the door.
There is an open door here.
There is an open door here.
There is an open door here.
There is an open door here.
There is an open door here.
Ijyb the Twisted Goblin comes into view.
She is wielding a +0 club and carrying a wand of acid (10).
Ijyb shouts!
Ijyb screams, "Get away!"
Ijyb zaps a wand.
The bolt of acid hits you!!
Ouch! That really hurt!
There is an open door here.
Okay, then.
Ijyb zaps a wand.
The bolt of acid hits you!!
Ouch! That really hurt!
You die...

##........'..#
#...g....#..#
#........#..#
###'###'#####
##...#g.#
.....#..# .. ....
#..# #.. #.# #.##
##..########.###@#
.................#
.................#
.............#####
.............#
.............#
######..##...#
#######'######
.........#


You could see Ijyb.

Levels and vault maps discovered:
D:1:      lemuel_arrival_broad_hall, layout_basic, serial_bayou,
          serial_bayou_lake_a, serial_bayou_crossing, serial_bayou_ford_a,
          serial_bayou_pond_a, serial_bayou_shore_a, serial_bayou_pond_a,
          dreamdust_ecumenical_altar_drowned_temple
D:2:      layout_basic, serial_shops, shop
D:3:      minmay_door_path, layout_basic
D:4:      layout_gridville, uniq_natasha, uniq_ijyb, uniq_blork_the_orc,
          uniq_robin

Notes
Turn   | Place    | Note
-------+----------+-------------------------------------------
     0 | D:1      | ABBCCCDDDD the Minotaur Gladiator began the quest for the
                  | Orb.
     0 | D:1      | Reached XP level 1. HP: 18/18 MP: 0/0
   261 | D:1      | Reached skill level 4 in Axes
   297 | D:1      | Reached XP level 2. HP: 25/25 MP: 1/1
   736 | D:1      | Found a faded altar of an unknown god.
  1114 | D:2      | Reached XP level 3. HP: 31/31 MP: 2/2
  1234 | D:2      | Reached skill level 5 in Axes
  1610 | D:2      | Found Byaluen's Assorted Antiques.
  1642 | D:2      | Reached XP level 4. HP: 37/38 MP: 3/3
  2846 | D:4      | Noticed Blork the orc
  2846 | D:4      | Noticed Robin
  2910 | D:3      | Reached skill level 6 in Axes
  2948 | D:3      | Killed Robin
  2949 | D:3      | Reached XP level 5. HP: 41/46 MP: 4/4
  3126 | D:4      | Noticed a black bear
  3133 | D:4      | Killed a black bear
  3134 | D:4      | Reached skill level 7 in Axes
  3134 | D:4      | Reached XP level 6. HP: 22/55 MP: 5/5
  3262 | D:4      | Reached skill level 5 in Fighting
  3486 | D:4      | Noticed Ijyb
  3496 | D:4      | Killed from afar by Ijyb

Table legend: (Time is in decaauts)
 A = Elapsed time spent in this place.
 B = Non-inter-level travel time spent in this place.
 C = Inter-level travel time spent in this place.
 D = Time resting spent in this place.
 E = Time spent auto-exploring this place.
 F = Levels seen in this place.
 G = Mean time per level.
                   A        B        C        D        E       F      G
               +--------+--------+--------+--------+--------+-----+--------+
         Total |   3624 |   3478 |    146 |    283 |   2668 |   4 |  906.0 |
       Dungeon |   3624 |   3478 |    146 |    283 |   2668 |   4 |  906.0 |
               +--------+--------+--------+--------+--------+-----+--------+

Top non-repeatable levels by time:
     D:1: 1184 daAuts
     D:3: 1074 daAuts
     D:2: 743 daAuts
     D:4: 623 daAuts

Table legend:
 A = Kills in this place as a percentage of kills in entire the game.
 B = Kills by you in this place as a percentage of kills by you in the entire game.
 C = Kills by friends in this place as a percentage of kills by friends in the entire game.
 D = Other kills in this place as a percentage of other kills in the entire game.
 E = Experience gained in this place as a percentage of experience gained in the entire game.
 F = Experience gained in this place divided by the number of levels of this place that you have seen.
                   A       B       C       D       E      F
               +-------+-------+-------+-------+-------+----------------------
         Total | 100.0 | 100.0 |   N/A |   N/A | 100.0 | 134.2
       Dungeon | 100.0 | 100.0 |   N/A |   N/A | 100.0 | 134.2
               +-------+-------+-------+-------+-------+----------------------

Action                   |  1- 3 |  4- 6 || total
-------------------------+-------+-------++-------
Melee: War axe           |    87 |    89 ||   176
       Headbutt          |     9 |    13 ||    22
Armor: Leather armour    |     9 |       ||     9
       Scale mail        |    18 |    50 ||    68
Dodge: Dodged            |    60 |    52 ||   112

Vanquished Creatures
  A black bear (D:4)
  A centaur (D:4)
  An orc wizard (D:3)
  2 hound skeletons (D:4)
  Robin (D:3)
  3 adders (D:2)
  3 gnolls (D:4)
  An adder skeleton (D:4)
  2 worms
  2 dart slugs
  3 orcs (D:3)
  7 ball pythons
  6 endoplasms
  4 giant cockroaches
  7 goblins
  6 hobgoblins
  6 jackals
  2 kobolds
  5 quokkas
  5 bats
  A frilled lizard (D:1)
  9 rats
  A spectral kobold (D:1)
79 creatures vanquished.

Vanquished Creatures (others)
  4 plants (D:1)
4 creatures vanquished.

Grand Total: 83 creatures vanquished
